 Dungeon Crawl Stone Soup version 0.24-a0-48-g0ecae65 (console) character file.

Game seed: 1147513969352938984

123 Duffy the Chopper (level 5, 0/45 HPs)
             Began as a Naga Gladiator on Feb 3, 2019.
             Slain by a slave (8 damage)
             ... led by Pikel
             ... on level 4 of the Dungeon.
             The game lasted 00:01:35 (1287 turns).

Duffy the Chopper (Naga Gladiator)                  Turns: 1287, Time: 00:01:35

Health: 0/45       AC:  4    Str: 16    XL:     5   Next: 7%
Magic:  5/5        EV: 10    Int:  8    God:
Gold:   91         SH:  3    Dex: 14    Spells: 4/4 levels left

rFire    . . .     SeeInvis +   a - +0 war axe
rCold    . . .     Gourm    .   (no shield)
rNeg     . . .     Faith    .   b - +0 leather armour
rPois    +         Spirit   .   c - +0 helmet
rElec    .         Reflect  +   l - scarf {repulsion}
rCorr    .         Harm     .   (no gloves)
MR       .....                  (no barding)
Stlth    +.........             e - +3 amulet of reflection
HPRegen  0.15/turn              (no ring)
MPRegen  0.09/turn              (no ring)

@: repel missiles, very slow
A: large, see invisible, deformed body, poison resistance, slowness 2, slow
metabolism 1, spit poison 1, AC +1
a: Spit Poison


You were on level 4 of the Dungeon.
You were not hungry.

You visited 1 branch of the dungeon, and saw 5 of its levels.

You collected 91 gold pieces.

Inventory:

Hand Weapons
 a - a +0 war axe (weapon)
Missiles
 d - 3 throwing nets (quivered)
Armour
 b - a +0 leather armour (worn)
 c - a +0 helmet (worn)
 l - a scarf of repulsion (worn)
Jewellery
 e - a +3 amulet of reflection (around neck)
Scrolls
 g - a scroll of enchant armour {unknown}
 h - 2 scrolls of blinking {unknown}
 m - a scroll of remove curse {unknown}
Potions
 i - a potion of curing {unknown}
 k - a potion of brilliance {unknown}
Comestibles
 f - 4 rations
 j - 2 chunks of flesh


   Skills:
 - Level 2.0 Fighting
 + Level 5.6 Axes
 - Level 1.7 Throwing
 - Level 2.4 Dodging


You had 4 spell levels left.
You didn't know any spells.
Your spell library was empty.

Dungeon Overview and Level Annotations

Branches:
Dungeon (5/15)
 Temple: D:4-7

Altars:
Gozag

Annotations:
D:5 Pikel


Innate Abilities, Weirdness & Mutations

You cannot wear boots.
Your serpentine skin is tough. (AC +1)
You have supernaturally acute eyesight. (SInv)
Armour fits poorly on your strangely shaped body.
Your system is resistant to poisons. (rPois)
You cover ground very slowly.
You have a slow metabolism.
You can spit poison.


Message History

The splash of poison hits the slave but does no damage.
The slave is heavily wounded.
You feel slightly more hungry. The slave closely misses you.
You hit the slave.
The slave is heavily wounded.
The slave barely misses you.
You hit the slave but do no damage.
The slave is heavily wounded.
The slave hits you!
You barely miss the slave.
The slave is heavily wounded.
The slave closely misses you. The slave hits you.
You barely miss the slave.
The slave is heavily wounded.
You have got your breath back.
The slave hits you.
You slash the slave!
The slave is almost dead.
The slave hits you!
You die...

#..#.# #..#.#
#..#[#
#..#.## #
..... #.
#.#.#
#.##.#.######
#.........p@#
###
###(...#.####
... #.####.#
#.# #####.#
#.# #.#
#.....# #.#
#.###.#####
#.# #.....#
#.# #.#####
#.# #.#


You could see a slave.

Vanquished Creatures
  3 worker ants
  3 adders
  A worm (D:3)
  A leopard gecko (D:2)
  4 giant cockroaches
  2 hobgoblins
  6 jackals (D:2)
  2 frilled lizards
  2 kobolds
  A rat (D:2)
25 creatures vanquished.

Notes
Turn   | Place    | Note
-------+----------+-------------------------------------------
     0 | D:1      | Duffy the Naga Gladiator began the quest for the Orb.
     0 | D:1      | Reached XP level 1. HP: 19/19 MP: 1/1
    86 | D:2      | Reached XP level 2. HP: 12/26 MP: 2/2
   375 | D:3      | Found an opulent altar of Gozag.
   380 | D:3      | Reached skill level 4 in Axes
   380 | D:3      | Reached XP level 3. HP: 23/32 MP: 3/3
   386 | D:3      | Reached XP level 4. HP: 29/39 MP: 4/4
   489 | D:2      | Reached skill level 5 in Axes
  1016 | D:4      | Noticed a phantom
  1027 | D:5      | Entered Level 5 of the Dungeon
  1176 | D:5      | Reached XP level 5. HP: 39/45 MP: 5/5
  1233 | D:5      | Noticed a slave
  1234 | D:5      | Noticed a slave
  1234 | D:5      | Noticed Pikel
  1234 | D:5      | Noticed a slave
  1234 | D:5      | Noticed a slave
  1287 | D:4      | Slain by a slave

Vault maps used:
D:1:      dpeg_arrival_erosion, serial_bayou_ford_a
D:3:      overflow_temple_1_default, chequers_ecumenical_altar_island,
          minmay_cut_off, uniq_terence
D:4:      minmay_wonky_spiral, first_ration, serial_curves, eino_curves_02,
          eino_curves_01
D:5:      nicolae_overflow_hidden_temple, kennysheep_dice, uniq_pikel,
          uniq_duvessa

Skill      XL: |  1  2  3  4 |
---------------+-------------+-----
Axes           | 4 5 |  5.6
Fighting       | |  2.0
Throwing       | |  1.7
Dodging        | |  2.4

Action                   |  1- 3 |  4- 6 || total
-------------------------+-------+-------++-------
Melee: War axe           |    26 |    58 ||    84
 Abil: Spit Poison       |     3 |     5 ||     8
  Eat: Chunk             |       |     1 ||     1
Armor: Leather armour    |     6 |    15 ||    21
Dodge: Dodged            |    24 |    35 ||    59
Block: Other             |     5 |    11 ||    16

Table legend:
 A = Non-vault XP
 B = Vault XP
 C = Vault XP percentage of total XP
 D = Non-vault monster count
 E = Vault monster count
 F = Vault count percentage of total count
                 A         B        C        D         E       F
            +---------+---------+-------+---------+---------+-------
      Total |     177 |       0 |   0.0 |      25 |       0 |   0.0
            +---------+---------+-------+---------+---------+-------
        D:1 |       3 |       0 |   0.0 |       2 |       0 |   0.0
        D:2 |      51 |       0 |   0.0 |      15 |       0 |   0.0
        D:3 |      74 |       0 |   0.0 |       5 |       0 |   0.0
        D:4 |      15 |       0 |   0.0 |       2 |       0 |   0.0
        D:5 |      34 |       0 |   0.0 |       1 |       0 |   0.0
            +---------+---------+-------+---------+---------+-------
